 Dungeon Crawl Stone Soup version 0.29.1-15-g9cfb28693d (webtiles) character file.

Game seed: 14509935211487739465

29 ThatPearl the Shooter (level 3, -3/27 HPs)
             Began as a Human Hunter on Mar 25, 2023.
             Killed from afar by an orc wizard (4 damage)
             ... with a puff of flame
             ... on level 1 of the Dungeon.
             The game lasted 00:01:21 (911 turns).

ThatPearl the Shooter (Human Hunter)                 Turns: 911, Time: 00:01:23

Health: -3/27      AC:  3    Str: 11    XL:     3   Next: 32%
Magic:  3/3        EV: 12    Int:  9    God:
Gold:   67         SH:  0    Dex: 18    Spells: 2/2 levels left

rFire   . . .      SeeInvis .   a - +0 shortbow
rCold   . . .      Faith    .   (shield currently unavailable)
rNeg    . . .      Spirit   .   c - +0 leather armour
rPois   .          Reflect  .   (no helmet)
rElec   .          Harm     .   (no cloak)
rCorr   .          Rampage  .   (no gloves)
Will    .....                   (no boots)
Stlth   ++........              (no amulet)
HPRegen 0.09/turn               (no ring)
MPRegen 0.08/turn               (no ring)

@: no status effects
A: no striking features
a: no special abilities


You were on level 1 of the Dungeon.
You visited 1 branch of the dungeon, and saw 2 of its levels.

You collected 67 gold pieces.

Inventory:

Hand Weapons
 a - a +0 shortbow (weapon)
Armour
 c - a +0 leather armour (worn)
Jewellery
 f - a ring of ice
Scrolls
 b - a scroll of immolation
 d - 2 scrolls of teleportation {unknown}
 h - a scroll of blinking {unknown}
Potions
 e - 2 potions of curing {unknown}
 g - a potion of flight {unknown}


   Skills:
 - Level 2.0 Fighting
 + Level 5.0 Ranged Weapons
 - Level 2.0 Dodging
 - Level 1.0 Stealth


You had 2 spell levels left.
You didn't know any spells.
Your spell library was empty.

Dungeon Overview and Level Annotations

Branches:
Dungeon (2/15)

Altars:


Message History

The orc wizard flickers and vanishes!
Deactivating autopickup; reactivate with Ctrl-A.
The orc closely misses you.
You shoot an arrow. The arrow hits the orc.
The orc is heavily wounded.
The orc barely misses you.
You shoot an arrow.
The arrow hits the orc but does no damage.
The orc is heavily wounded.
The orc hits you with a +1 falchion of freezing.
The orc freezes you.
You shoot an arrow.
The arrow hits the orc but does no damage.
The orc is heavily wounded.
The orc hits you with a +0 mace!
You hear some strange, mumbled words.
Something tries to affect you, but you resist.
The orc closely misses you. Something hits you but does no damage.
The orc hits you but does no damage. The orc barely misses you.
The orc closely misses you. x2; Something barely misses you.
You climb upwards.
Reactivating autopickup.
There is a stone staircase leading down here.
You shoot an arrow. The arrow hits the orc.
The orc is almost dead.
The orc hits you with a +1 falchion of freezing!
The orc freezes you.
* * * LOW HITPOINT WARNING * * *
The orc hits you with a +0 mace.
* * * LOW HITPOINT WARNING * * *
Something hits you but does no damage.
Deactivating autopickup; reactivate with Ctrl-A.
You barely miss something. The orc misses you. The orc barely misses you.
Something hits you but does no damage. The orc misses you.
The orc hits you with a +0 mace.
* * * LOW HITPOINT WARNING * * *
You hear some strange, mumbled words.
A puff of flame appears from out of thin air!
The puff of flame hits you.
You die...

..........#...##.####.#
#########...####.# #.#
##.## #.# #.# #.# #.#
#.# #.# #.# #.#
##########.#####># #.#
......#..........# #.#
#####.#.#######{o# #.#
#.#.# #.@# #.# #.#.#
#o.# #.# # #.#[# #..#
#.# #####.#.# #..#
#.####### ...##.#.#
#..## #.......#
##.##.#.#######...#
#######.#
##.##.#...).....#.#
###.#
#.##.#####.#####.#
#...#
##..............#.#
#.###


You could see 2 orcs.

Vanquished Creatures
  2 bats
  3 endoplasms (D:1)
  2 giant cockroaches
  A goblin (D:1)
  2 hobgoblins (D:1)
  7 jackals (D:1)
  A quokka (D:1)
  A ball python (D:1)
  2 kobolds (D:1)
  3 rats (D:1)
24 creatures vanquished.

Notes
Turn   | Place    | Note
-------+----------+-------------------------------------------
     0 | D:1      | ThatPearl the Human Hunter began the quest for the Orb.
     0 | D:1      | Reached XP level 1. HP: 16/16 MP: 1/1
    85 | D:1      | You fall into a shaft and drop 1 floor!
   109 | D:1      | Reached XP level 2. HP: 21/22 MP: 2/2
   501 | D:1      | Reached XP level 3. HP: 27/27 MP: 3/3
   833 | D:1      | Reached skill level 5 in Ranged Weapons
   911 | D:1      | HP: 1/27 [orc/+0 mace (3)]
   911 | D:1      | Killed from afar by an orc wizard

Illustrated notes

Levels and vault maps discovered:
D:1:      minmay_arrival_stair_chambers, layout_loops_ring
D:2:      layout_basic, serial_aquarium, aquarium_bridge_square
          [aquarium_subvault_wall, aquarium_subvault_bridge,
          aquarium_subvault_bridge, aquarium_subvault_bridge],
          aquarium_window_fake, aquarium_window_1, aquarium_view_2d,
          aquarium_view_2f

Skill      XL: |  1  2  3 |
---------------+----------+-----
Ranged Weapons | 5 |  5.0
Fighting       | |  2.0
Dodging        | |  2.0
Stealth        | |  1.0

Action                   || total
-------------------------++-------
Melee: Shortbow          ||     1
 Fire: Shortbow          ||    66
Armor: Leather armour    ||    14
Dodge: Dodged            ||    41
